 Dungeon Crawl Stone Soup version 0.28.0-53-g5a82cb258f (webtiles) character file.

Game seed: 15108944912796883427

11289 quixfox the Cleaver (level 11, -11/97 (101) HPs)
             Began as a Minotaur Fighter on July 12, 2022.
             Was a High Priest of Okawaru.
             Shot with a bolt by a yaktaur (16 damage)
             ... on level 12 of the Dungeon.
             The game lasted 00:22:32 (11610 turns).

quixfox the Cleaver (Minotaur Fighter)             Turns: 11610, Time: 00:22:33

HP:   -11/97 (101)  AC: 27    Str: 35    XL:     11   Next: 47%
MP:   15/15         EV:  7    Int:  5    God:    Okawaru [*****.]
Gold: 663           SH:  0    Dex: 10    Spells: 10/10 levels left

rFire   + . .      SeeInvis .   M - +4 battleaxe
rCold   + . .      Faith    +   (shield currently unavailable)
rNeg    . . .      Spirit   .   p - +2 gold dragon scales
rPois   +          Reflect  .   (helmet restricted)
rElec   .          Harm     .   t - +1 cloak
rCorr   +          Rampage  .   J - +2 pair of gloves of Ceesch {Str+4}
Will    .....                   f - +0 pair of boots
Stlth   ..........              L - amulet of faith
HPRegen 0.26/turn               e - ring of resist corrosion
MPRegen 0.14/turn               n - +6 ring of strength

@: mighty, lightly drained
A: horns 2, retaliatory headbutt
a: Renounce Religion, Heroism, Finesse, Duel


You were on level 12 of the Dungeon.
You worshipped Okawaru.
Okawaru was extremely pleased with you.
You visited 2 branches of the dungeon, and saw 13 of its levels.

You collected 788 gold pieces.
You spent 125 gold pieces at shops.

Inventory:

Hand Weapons
 a - a +0 battleaxe of electrocution
 b - a +1 war axe
 M - a +4 battleaxe (weapon)
Missiles
 x - a throwing net
 A - 17 boomerangs (quivered)
 D - 4 javelins
Armour
 c - a +0 buckler
 f - a +0 pair of boots (worn)
 p - +2 gold dragon scales (worn)
 t - a +1 cloak (worn)
 J - the +2 pair of gloves of Ceesch (worn) {Str+4}
   (Okawaru gifted it to you on level 12 of the Dungeon)

   Str:       It affects your strength (+4).
Jewellery
 e - a ring of resist corrosion (left hand)
 n - a +6 ring of strength (right hand)
 r - an amulet of guardian spirit
 u - a ring of protection from cold
 C - an amulet of reflection
 E - the amulet "Ditidgh" {RegenMP rF+ Stlth+}
   (You found it on level 10 of the Dungeon)

   [amulet of magic regeneration]

   It increases your rate of magic regeneration.
   rF:        It protects you from fire.
   Stlth:     It makes you more stealthy.
 L - an amulet of faith (around neck)
Wands
 k - a wand of iceblast (11)
 l - a wand of acid (15)
 s - a wand of flame (13)
 H - a wand of paralysis (6)
 I - a wand of digging (4)
Scrolls
 h - 4 scrolls of teleportation
 i - 4 scrolls of amnesia
 m - a scroll of holy word
 v - a scroll of blinking
 y - a scroll of magic mapping
Potions
 d - 2 potions of might
 g - 5 potions of brilliance
 j - a potion of invisibility
 o - 2 potions of lignification
 q - 4 potions of curing
 B - a potion of berserk rage
 F - 2 potions of resistance
 G - 2 potions of haste
 K - a potion of mutation {unknown}


   Skills:
 + Level 10.8 Fighting
 * Level 14.4 Axes
 + Level 10.9 Armour
 - Level 3.6 Shields
 + Level 6.7 Invocations


You had 10 spell levels left.
You didn't know any spells.
Your spell library contained the following spells:

 Spells                   Type           Power      Damage    Failure   Level
 Apportation              Tloc           0%         N/A       100%        1
 Animate Skeleton         Necr           Unusable   N/A       N/A         1
 Summon Small Mammal      Summ           Unusable   N/A       N/A         1

Dungeon Overview and Level Annotations

Branches:
Dungeon (12/15)            Temple (1/1) D:5             Orc (0/2) D:11
   Lair: D:8-11

Altars:
Ashenzari
Cheibriados
Dithmenos
Elyvilon
Fedhas
Gozag
Hepliaklqana
Kikubaaqudgha
Makhleb
Nemelex Xobeh
Okawaru
Qazlal
Ru
Sif Muna
Trog
Uskayaw
Vehumet
Wu Jian
Xom
Yredelemnul
Zin
The Shining One

Shops:
D:4 *[::

Annotations:
D:5 1 runed translucent door, Crazy Yiuf


Innate Abilities, Weirdness & Mutations

You have a pair of horns on your head.
You reflexively headbutt those who attack you in melee.


Message History

The tengu reaver is lightly wounded.
The tengu reaver hits you with a +3 war axe of freezing!
* * * LOW HITPOINT WARNING * * *
The tengu reaver pecks you.
* * * LOW HITPOINT WARNING * * *
The tengu reaver claws you but does no damage.
You feel much better. The tengu reaver barely misses you.
You furiously retaliate!
You headbutt the tengu reaver!
The tengu reaver pecks you but does no damage.
The tengu reaver barely misses you.
The yaktaur hits you but does no damage.
As you read the scroll of fear, it crumbles to dust.
You assume a fearsome visage.
The tengu reaver resists with almost no effort.
The yaktaur looks frightened!
The tengu reaver points at you and mumbles some strange words.
The bolt of lightning hits you!!
* * * LOW HITPOINT WARNING * * *
You feel much better.
The tengu reaver hits you with a +3 war axe of freezing!
* * * LOW HITPOINT WARNING * * *
The tengu reaver freezes you.
* * * LOW HITPOINT WARNING * * *
The tengu reaver pecks you.
* * * LOW HITPOINT WARNING * * *
The tengu reaver claws you but does no damage.
You feel very mighty all of a sudden.
The tengu reaver hits you with a +3 war axe of freezing.
* * * LOW HITPOINT WARNING * * *
The tengu reaver pecks you but does no damage.
The tengu reaver claws you but does no damage.
Blink to where?
Press: ? - help, Dir - move target
As you read the scroll of blinking, it crumbles to dust.
There is an open door here.
The yaktaur wields a +0 arbalest.
The yaktaur shoots a bolt.
The bolt hits you but does no damage.
There is an open door here.
The yaktaur shoots a bolt.
The bolt hits you!
You die...

#..............# ..#
......#..............# ..#
......#.....c........########..#
......#........................#
......#>.........######Q##.....#
......#..........#.......#.....#
..... #..........'.......#.....#
''#####..........#.......#.....#
................@#.......#.....#
............####.#.......#.....#
.........#'##..#.#.......#.....#
#######..#.....#.#.......#.....#
..... #..#.....#.#########.....#
..... #..#.....#...............#
..... #..#.....#...........#####
#######..#.....#...........#
.........#######..######...#


You could see a yaktaur.

Vanquished Creatures
  A frost giant (D:12)
  A death knight (D:12)
  2 two-headed ogres
  A centaur warrior (D:11)
  Urug (D:12)
  Sonja (D:12)
  A manticore (D:12)
  A centaur zombie (D:11)
  2 gargoyles
  2 unseen horrors
  A yaktaur (D:12)
  A troll (D:10)
  A hornet (D:8)
  A wyvern (D:6)
  5 yaks (D:10)
  A basilisk (D:12)
  2 acid dragons
  A water moccasin (D:9)
  3 ice beasts
  2 ogres
  2 sky beasts
  4 orc warriors
  5 phantoms
  2 centaurs
  2 kobold brigands
  3 bullfrogs
  A scorpion (D:2)
  A water moccasin skeleton (D:5)
  6 killer bees (D:8)
  4 wights (D:10)
  4 howler monkeys
  A bullfrog zombie (D:6)
  An orc priest (D:4)
  A jelly (D:4)
  A scorpion zombie (D:3)
  An iguana (D:4)
  9 orc wizards
  2 killer bee zombies
  3 howler monkey zombies
  Robin (D:3)
  4 gnolls (D:3)
  A howler monkey skeleton (D:5)
  6 adders
  2 white imps
  An adder zombie (D:5)
  An adder skeleton (D:5)
  A worm (D:3)
  A dart slug (D:1)
  19 orcs
  3 ball pythons
  7 endoplasms
  3 giant cockroaches
  12 goblins
  7 hobgoblins
  8 jackals
  10 kobolds
  6 quokkas
  3 bats (D:1)
  4 frilled lizards
  4 rats
188 creatures vanquished.

Notes
Turn   | Place    | Note
-------+----------+-------------------------------------------
     0 | D:1      | quixfox the Minotaur Fighter began the quest for the Orb.
     0 | D:1      | Reached XP level 1. HP: 19/19 MP: 0/0
   121 | D:1      | Reached skill level 3 in Axes
   121 | D:1      | Reached XP level 2. HP: 17/27 MP: 1/1
   658 | D:1      | Reached XP level 3. HP: 33/33 MP: 2/2
   969 | D:2      | Reached skill level 4 in Axes
  1638 | D:3      | Noticed a scorpion
  1683 | D:3      | Reached XP level 4. HP: 31/41 MP: 3/3
  1831 | D:2      | Killed a scorpion
  1832 | D:2      | Reached XP level 5. HP: 28/47 MP: 4/4
  1985 | D:3      | Reached skill level 5 in Axes
  2297 | D:3      | Noticed Robin
  2305 | D:3      | Killed Robin
  2542 | D:3      | Reached skill level 5 in Fighting
  2542 | D:3      | Reached skill level 5 in Armour
  2878 | D:3      | Reached XP level 6. HP: 56/56 MP: 5/5
  2968 | D:4      | Found Eczok's Armour Shoppe.
  3123 | D:4      | Reached skill level 6 in Axes
  3154 | D:4      | Found Qouci's Assorted Antiques.
  3247 | D:4      | Bought a peridot ring for 125 gold pieces
  3310 | D:4      | Reached XP level 7. HP: 19/62 MP: 2/6
  3591 | D:4      | Found Dinofell's Book Emporium.
  3618 | D:4      | Found Atoclun's Book Boutique.
  3750 | D:4      | Reached skill level 7 in Axes
  3866 | D:5      | Entered Level 5 of the Dungeon
  4173 | D:5      | Found a staircase to the Ecumenical Temple.
  4187 | Temple   | Entered the Ecumenical Temple
  4220 | Temple   | Became a worshipper of Warmaster Okawaru
  4527 | D:5      | Found a runed translucent door.
  4528 | D:5      | Noticed Crazy Yiuf
  4720 | D:6      | Reached skill level 8 in Axes
  4722 | D:6      | Noticed a wyvern
  4730 | D:6      | Reached XP level 8. HP: 60/71 MP: 4/7
  4910 | D:6      | Reached skill level 9 in Axes
  5014 | D:6      | Reached * piety under Okawaru
  5049 | D:6      | Reached skill level 1 in Invocations
  5671 | D:7      | Reached ** piety under Okawaru
  5733 | D:7      | Reached skill level 10 in Axes
  5733 | D:7      | Reached XP level 9. HP: 80/80 MP: 9/9
  7514 | D:9      | Reached skill level 11 in Axes
  7808 | D:9      | Noticed a death yak
  7808 | D:9      | Noticed a seven-headed hydra
  7809 | D:9      | Noticed a death yak
  7809 | D:9      | Noticed a death yak
  7931 | D:9      | Identified the +1 scale mail of Roisofisk {rPois Will+++
                  | Int+4 Slay-4}
  8033 | D:10     | Entered Level 10 of the Dungeon
  8117 | D:10     | Killed an unseen horror
  8117 | D:10     | Reached *** piety under Okawaru
  8685 | D:10     | Identified the +1 leather armour of Rudwamygeg {rElec
                  | rPois}
  8735 | D:10     | Found an ornate altar of the Wu Jian Council.
  8738 | D:10     | Identified the amulet "Ditidgh" {RegenMP rF+ Stlth+}
  8798 | D:10     | Identified the +0 helmet of a ziggurat {rF+ rCorr SInv}
  8854 | D:10     | Noticed a two-headed ogre
  8854 | D:10     | Noticed a troll
  8868 | D:10     | Killed a two-headed ogre
  8869 | D:10     | Reached XP level 10. HP: 66/91 MP: 10/12
  8874 | D:10     | Reached skill level 12 in Axes
  9132 | D:10     | Reached **** piety under Okawaru
  9259 | D:11     | Noticed a gargoyle
  9263 | D:11     | Killed a gargoyle
  9264 | D:11     | Reached skill level 5 in Invocations
  9307 | D:11     | Noticed a centaur warrior
  9330 | D:11     | Killed a centaur warrior
  9819 | D:11     | Reached skill level 13 in Axes
 10061 | D:11     | Found a staircase to the Orcish Mines.
 10219 | D:11     | Reached skill level 10 in Fighting
 10219 | D:11     | Reached skill level 10 in Armour
 10485 | D:12     | Noticed Sonja
 10518 | D:12     | Killed Sonja
 10711 | D:12     | Noticed a two-headed ogre
 10718 | D:12     | Killed a two-headed ogre
 10718 | D:12     | Reached ***** piety under Okawaru
 10719 | D:12     | Reached XP level 11. HP: 100/100 MP: 14/14
 10738 | D:12     | Noticed Urug
 10749 | D:12     | Killed Urug
 10749 | D:12     | Identified the +2 pair of gloves of Ceesch {Str+4} (Okawaru
                  | gifted it to you on level 12 of the Dungeon)
 10749 | D:12     | Received a gift from Okawaru
 11530 | D:12     | Noticed a frost giant
 11530 | D:12     | Noticed a death knight
 11530 | D:12     | Noticed a death knight
 11549 | D:12     | Reached skill level 14 in Axes
 11556 | D:12     | Killed a frost giant
 11562 | D:12     | Killed a death knight
 11584 | D:12     | Noticed a tengu reaver
 11595 | D:12     | HP: 4/97 [tengu reaver/+3 war axe of freezing (10)]
 11595 | D:12     | HP: 1/97 [tengu reaver/+3 war axe of freezing (3)]
 11610 | D:12     | Shot with a bolt by a yaktaur

Illustrated notes

Levels and vault maps discovered:
D:1:      onia_arrival_mini_spirals, layout_basic, st_stairs_10
D:2:      layout_loops_ring, minmay_misc_feat_enclosed, serial_park_tiny_pond,
          kennysheep_boxes
D:3:      layout_loops_cross, grunt_ministairs_4, uniq_robin
D:4:      layout_rooms, serial_shops, shop, nicolae_shop_waterfront,
          nicolae_shop_stone, nicolae_shop_crystal
D:5:      layout_gridville, minmay_temple_entry_hall, uniq_crazy_yiuf_cottage
D:6:      layout_gridville
D:7:      hellmonk_ruined_rings, layout_rooms
D:8:      layout_basic, kennysheep_minor_cross, kennysheep_nondescript,
          chequers_jeans
D:9:      layout_roguey, dpeg_lair_monsters, serial_shops, shop,
          minmay_misc_feat_tower
D:10:     layout_loops_ring, pdpol_wu_jian_five_deadly_venoms
D:11:     layout_loops_corners, orc_0_dummy
D:12:     layout_irregular_city, minmay_checkered_concentric_circles,
          uniq_sonja, uniq_urug
Temple:   mainiacjoe_temple_hex_bubbles

Skill      XL: |  1  2  3  4  5  6  7  8  9 10 11 |
---------------+----------------------------------+-----
Axes           | 3 4 5 6 8 10 11 13 14 | 14.4
Fighting       | 4 5 6 7 9 10 | 10.8
Armour         | 4 5 6 7 9 10 | 10.9
Invocations    | 2 4 6 |  6.7
Shields        | |  3.6

Action                   |  1- 3 |  4- 6 |  7- 9 | 10-12 || total
-------------------------+-------+-------+-------+-------++-------
Melee: War axe           |    77 |   121 |   230 |       ||   428
       Headbutt          |    11 |    26 |    35 |    30 ||   102
       Battleaxe         |       |       |     7 |   126 ||   133
Throw: Boomerang         |       |       |     2 |    10 ||    12
Invok: Heroism           |       |       |     1 |     3 ||     4
Evoke: Wand              |       |       |     1 |       ||     1
  Use: Scroll            |       |     4 |    19 |     4 ||    27
       Potion            |       |       |       |     3 ||     3
Armor: Scale mail        |    46 |    53 |     2 |       ||   101
       Chain mail        |       |       |    91 |       ||    91
       Gold dragon scale |       |       |    44 |   122 ||   166
Dodge: Dodged            |    45 |    39 |    75 |    37 ||   196
Block: Buckler           |    16 |    23 |    86 |       ||   125
       Reflection        |       |       |     3 |     1 ||     4
       Other             |       |       |     1 |    21 ||    22
